[ AOE2 MATCH · #507036635 ]
UnrankedTupi vs Khmer
Player's team · WIN
Rival team · LOSS
[ REPLAY ANALYSIS · EXTRACTED FROM THE RECORDED GAME ]
Feudal
10:32
Castle
20:54
Imperial
—
| APM avg | 54.6 |
| APM peak | 93 |
| eAPM avg | 24.8 |
| Villagers / military | 100 / 9 |
Focus
⚔️ 41.1% · 🌾 58.9%
Unknown (2550) ×45 · Mangonel ×6 · Spearman ×3
Feudal
9:16
Castle
15:27
Imperial
—
| APM avg | 56.1 |
| APM peak | 93 |
| eAPM avg | 31.3 |
| Villagers / military | 94 / 56 |
Focus
⚔️ 36.1% · 🌾 63.9%
Archer ×39 · Scorpion ×8 · Knight ×3 · Mangonel ×3 · Ballista Elephant ×3 · Unknown (1105) ×1
Match map
Initial resources + every placement click. Lines = walls · curves = elevation contours. ◆ gold · ⬟ stone · ● berries · ✦ relic · ◌ wall gap
Your base· Open — unwalled flank
manteldon's base· Open — unwalled flank
Smoothed initial terrain · ◌ = detected wall gap · hover for details
Inputs per minute
— Lina - - manteldon
Build order — Lina
First 150 of 277 actions detected
| 0:01 | Create | Villager (Male) |
| 0:01 | Create | Villager (Male) |
| 0:02 | Build | House |
| 0:03 | Build | House |
| 0:09 | Create | Villager (Male) |
| 0:11 | Create | Villager (Male) |
| 0:50 | Build | Barracks |
| 1:20 | Create | Villager (Male) |
| 1:20 | Create | Villager (Male) |
| 1:37 | Create | Villager (Male) |
| 1:53 | Create | Unit 2550 |
| 2:03 | Create | Villager (Male) |
| 2:26 | Create | Villager (Male) |
| 2:56 | Create | Villager (Male) |
| 2:56 | Create | Villager (Male) |
| 3:22 | Create | Villager (Male) |
| 3:22 | Create | Villager (Male) |
| 3:37 | Build | House |
| 3:42 | Create | Villager (Male) |
| 3:53 | Create | Villager (Male) |
| 3:53 | Create | Villager (Male) |
| 4:15 | Create | Villager (Male) |
| 4:15 | Create | Villager (Male) |
| 4:37 | Create | Villager (Male) |
| 4:50 | Build | House |
| 5:09 | Create | Villager (Male) |
| 5:14 | Build | Outpost |
| 5:20 | Create | Villager (Male) |
| 5:23 | Create | Villager (Male) |
| 5:26 | Create | Villager (Male) |
| 5:26 | Create | Villager (Male) |
| 5:35 | Create | Unit 2550 |
| 5:44 | Create | Villager (Male) |
| 6:06 | Create | Villager (Male) |
| 6:24 | Build | Outpost |
| 6:59 | Build | Settlement |
| 7:06 | Create | Villager (Male) |
| 7:23 | Build | Outpost |
| 7:24 | Create | Villager (Male) |
| 7:33 | Research | Loom |
| 8:22 | Research | Feudal Age |
| 8:45 | Build | Settlement |
| 9:38 | Create | Unit 2550 |
| 9:47 | Build | Palisade Wall |
| 10:03 | Create | Villager (Male) |
| 10:24 | Build | House |
| 10:26 | Build | Palisade Wall |
| 10:32 | Age | Feudal Age |
| 10:34 | Create | Villager (Male) |
| 10:48 | Research | Tech 1402 |
| 10:50 | Create | Villager (Male) |
| 11:01 | Create | Villager (Male) |
| 11:07 | Build | Settlement |
| 11:14 | Create | Villager (Male) |
| 11:39 | Create | Spearman |
| 11:48 | Create | Villager (Male) |
| 11:51 | Create | Villager (Male) |
| 11:53 | Build | Farm |
| 11:55 | Research | Double-Bit Axe |
| 12:00 | Build | House |
| 12:01 | Build | Palisade Wall |
| 12:04 | Create | Villager (Male) |
| 12:22 | Create | Villager (Male) |
| 12:25 | Build | Farm |
| 12:27 | Build | Farm |
| 12:27 | Build | Farm |
| 12:52 | Build | Archery Range |
| 12:59 | Create | Villager (Male) |
| 13:21 | Create | Villager (Male) |
| 13:31 | Build | Farm |
| 13:42 | Research | Arson |
| 13:47 | Build | Farm |
| 13:55 | Build | Palisade Wall |
| 13:57 | Build | Palisade Wall |
| 14:10 | Create | Spearman |
| 14:29 | Build | Watch Tower |
| 14:40 | Create | Villager (Male) |
| 14:43 | Build | Farm |
| 14:46 | Build | Farm |
| 15:04 | Build | Watch Tower |
| 15:05 | Create | Villager (Male) |
| 15:08 | Build | Farm |
| 15:15 | Build | Farm |
| 15:36 | Create | Villager (Male) |
| 15:39 | Build | Market |
| 15:58 | Build | Palisade Wall |
| 16:05 | Create | Villager (Male) |
| 16:08 | Build | Farm |
| 16:15 | Build | Palisade Wall |
| 16:16 | Build | Palisade Wall |
| 16:17 | Build | Palisade Wall |
| 16:27 | Create | Villager (Male) |
| 17:07 | Build | Watch Tower |
| 17:18 | Build | Farm |
| 17:22 | Build | Farm |
| 17:23 | Build | Farm |
| 17:33 | Create | Villager (Male) |
| 17:35 | Build | Farm |
| 18:14 | Research | Castle Age |
| 18:33 | Build | Settlement |
| 18:49 | Build | Barracks |
| 18:52 | Build | Barracks |
| 19:00 | Create | Unit 2550 |
| 19:00 | Create | Unit 2550 |
| 19:34 | Create | Villager (Male) |
| 19:39 | Research | Horse Collar |
| 19:41 | Research | Gold Mining |
| 19:54 | Build | Settlement |
| 20:03 | Create | Unit 2550 |
| 20:03 | Create | Unit 2550 |
| 20:03 | Create | Unit 2550 |
| 20:54 | Age | Castle Age |
| 20:58 | Build | Watch Tower |
| 21:11 | Build | Blacksmith |
| 21:17 | Create | Villager (Male) |
| 21:26 | Build | Farm |
| 21:27 | Create | Villager (Male) |
| 21:34 | Create | Unit 2550 |
| 21:35 | Research | Squires |
| 21:37 | Research | Tech 1351 |
| 21:37 | Research | Tech 1351 |
| 21:40 | Create | Villager (Male) |
| 21:44 | Research | Scale Mail Armor |
| 21:44 | Research | Scale Mail Armor |
| 21:46 | Create | Villager (Male) |
| 22:00 | Create | Villager (Male) |
| 22:09 | Create | Villager (Male) |
| 22:16 | Create | Villager (Male) |
| 22:25 | Create | Villager (Male) |
| 22:31 | Create | Villager (Male) |
| 22:35 | Create | Villager (Male) |
| 22:37 | Create | Unit 2550 |
| 22:56 | Build | Town Center |
| 22:58 | Create | Villager (Male) |
| 23:00 | Create | Unit 2550 |
| 23:00 | Create | Unit 2550 |
| 23:27 | Create | Villager (Male) |
| 23:36 | Create | Villager (Male) |
| 23:47 | Create | Villager (Male) |
| 23:57 | Build | Siege Workshop |
| 24:02 | Create | Unit 2550 |
| 24:03 | Research | Chain Mail Armor |
| 24:04 | Research | Forging |
| 24:15 | Create | Villager (Male) |
| 24:18 | Build | Farm |
| 24:41 | Create | Villager (Male) |
| 24:44 | Build | Farm |
| 24:44 | Build | Farm |
| 24:47 | Create | Mangonel |
| 24:50 | Create | Unit 2550 |
Build order — manteldon
First 150 of 275 actions detected
| 0:00 | Create | Villager (Male) |
| 0:01 | Create | Villager (Male) |
| 0:01 | Create | Villager (Male) |
| 0:01 | Create | Villager (Male) |
| 0:02 | Build | House |
| 0:04 | Build | House |
| 1:28 | Create | Villager (Male) |
| 1:28 | Create | Villager (Male) |
| 1:51 | Build | Lumber Camp |
| 1:59 | Create | Villager (Male) |
| 1:59 | Create | Villager (Male) |
| 2:18 | Create | Villager (Male) |
| 2:18 | Create | Villager (Male) |
| 2:41 | Create | Villager (Male) |
| 2:42 | Create | Villager (Male) |
| 3:16 | Create | Villager (Male) |
| 3:38 | Create | Villager (Male) |
| 3:48 | Build | House |
| 3:59 | Create | Villager (Male) |
| 3:59 | Create | Villager (Male) |
| 4:23 | Create | Villager (Male) |
| 4:23 | Create | Villager (Male) |
| 4:23 | Create | Villager (Male) |
| 4:42 | Build | House |
| 4:53 | Create | Villager (Male) |
| 4:57 | Research | Loom |
| 5:09 | Create | Villager (Male) |
| 5:23 | Create | Villager (Male) |
| 5:51 | Create | Villager (Male) |
| 6:14 | Build | Palisade Wall |
| 6:15 | Build | Palisade Wall |
| 6:16 | Build | Palisade Wall |
| 6:16 | Build | Palisade Wall |
| 6:17 | Build | Palisade Wall |
| 6:19 | Build | Palisade Wall |
| 6:24 | Create | Villager (Male) |
| 7:06 | Research | Feudal Age |
| 7:06 | Research | Feudal Age |
| 7:36 | Build | Mill |
| 8:09 | Build | Palisade Wall |
| 8:10 | Build | Palisade Wall |
| 8:36 | Build | Mining Camp |
| 8:38 | Build | Palisade Wall |
| 8:42 | Build | Palisade Wall |
| 8:47 | Create | Villager (Male) |
| 9:16 | Age | Feudal Age |
| 9:19 | Build | Farm |
| 9:20 | Build | Farm |
| 9:22 | Build | Farm |
| 9:29 | Build | Farm |
| 9:32 | Create | Villager (Male) |
| 9:40 | Build | Farm |
| 9:51 | Build | House |
| 9:56 | Create | Villager (Male) |
| 10:12 | Build | Farm |
| 10:29 | Build | Farm |
| 10:30 | Create | Villager (Male) |
| 10:58 | Create | Villager (Male) |
| 11:08 | Build | Farm |
| 11:15 | Create | Villager (Male) |
| 11:28 | Build | House |
| 11:31 | Build | Palisade Wall |
| 11:43 | Build | Palisade Wall |
| 11:45 | Create | Villager (Male) |
| 11:53 | Build | Palisade Wall |
| 11:59 | Build | Farm |
| 12:47 | Research | Castle Age |
| 13:16 | Build | Palisade Wall |
| 13:20 | Research | Double-Bit Axe |
| 13:21 | Research | Double-Bit Axe |
| 13:46 | Build | Archery Range |
| 13:50 | Create | Villager (Male) |
| 14:26 | Create | Villager (Male) |
| 14:30 | Build | Blacksmith |
| 14:40 | Create | Archer |
| 14:40 | Create | Archer |
| 14:55 | Build | Palisade Wall |
| 15:23 | Research | Fletching |
| 15:27 | Age | Castle Age |
| 15:37 | Build | Palisade Wall |
| 15:43 | Create | Villager (Male) |
| 15:44 | Create | Archer |
| 15:45 | Create | Archer |
| 16:09 | Create | Archer |
| 16:29 | Create | Archer |
| 16:37 | Build | Watch Tower |
| 16:39 | Create | Archer |
| 16:46 | Create | Archer |
| 16:48 | Build | House |
| 16:49 | Build | House |
| 16:51 | Build | Palisade Wall |
| 16:53 | Build | House |
| 16:55 | Build | House |
| 16:58 | Build | House |
| 17:01 | Build | House |
| 17:06 | Create | Archer |
| 17:06 | Create | Archer |
| 17:12 | Build | Palisade Wall |
| 17:15 | Research | Bodkin Arrow |
| 17:16 | Research | Bodkin Arrow |
| 17:36 | Create | Archer |
| 17:36 | Create | Archer |
| 17:42 | Create | Archer |
| 18:21 | Build | Farm |
| 18:21 | Build | Farm |
| 18:22 | Create | Villager (Male) |
| 18:22 | Create | Villager (Male) |
| 18:22 | Create | Villager (Male) |
| 18:36 | Create | Archer |
| 18:58 | Create | Villager (Male) |
| 19:12 | Build | Farm |
| 19:16 | Research | Crossbowman (upgrade) |
| 19:16 | Research | Crossbowman (upgrade) |
| 19:16 | Research | Crossbowman (upgrade) |
| 19:20 | Research | Crossbowman (upgrade) |
| 19:42 | Create | Villager (Male) |
| 19:43 | Create | Archer |
| 20:11 | Create | Archer |
| 20:12 | Create | Villager (Male) |
| 20:22 | Create | Archer |
| 20:27 | Research | Bow Saw |
| 20:32 | Create | Archer |
| 20:47 | Create | Villager (Male) |
| 20:49 | Create | Archer |
| 21:15 | Create | Villager (Male) |
| 21:30 | Create | Villager (Male) |
| 21:36 | Build | Market |
| 21:42 | Create | Villager (Male) |
| 21:58 | Create | Archer |
| 22:10 | Create | Villager (Male) |
| 22:11 | Create | Archer |
| 22:32 | Build | Town Center |
| 22:36 | Create | Villager (Male) |
| 22:45 | Create | Villager (Male) |
| 22:48 | Build | Siege Workshop |
| 23:02 | Create | Villager (Male) |
| 23:03 | Create | Archer |
| 23:29 | Build | House |
| 23:30 | Build | House |
| 23:30 | Build | House |
| 23:40 | Create | Mangonel |
| 23:40 | Create | Scorpion |
| 23:42 | Build | House |
| 23:46 | Create | Scorpion |
| 23:52 | Create | Villager (Male) |
| 24:02 | Create | Villager (Male) |
| 24:05 | Create | Villager (Male) |
| 24:06 | Create | Archer |
| 24:14 | Build | University |
| 24:39 | Build | Farm |
Match timeline
| 0:50 | Lina · first_building Barracks |
| 6:14 | manteldon · wall_segment Palisade Wall x1 |
| 6:15 | manteldon · wall_segment Palisade Wall x1 |
| 6:16 | manteldon · wall_segment Palisade Wall x1 |
| 6:16 | manteldon · wall_segment Palisade Wall x1 |
| 6:17 | manteldon · wall_segment Palisade Wall x1 |
| 6:19 | manteldon · wall_segment Palisade Wall x1 |
| 8:09 | manteldon · wall_segment Palisade Wall x1 |
| 8:10 | manteldon · wall_segment Palisade Wall x1 |
| 8:38 | manteldon · wall_segment Palisade Wall x1 |
| 8:42 | manteldon · wall_segment Palisade Wall x1 |
| 9:16 | manteldon · age_up feudal |
| 9:47 | Lina · wall_segment Palisade Wall x1 |
| 10:26 | Lina · wall_segment Palisade Wall x1 |
| 10:32 | Lina · age_up feudal |
| 11:31 | manteldon · wall_segment Palisade Wall x1 |
| 11:43 | manteldon · wall_segment Palisade Wall x1 |
| 11:53 | manteldon · wall_segment Palisade Wall x1 |
| 12:01 | Lina · wall_segment Palisade Wall x1 |
| 12:52 | Lina · first_building Archery Range |
| 13:16 | manteldon · wall_segment Palisade Wall x1 |
| 13:46 | manteldon · first_building Archery Range |
| 13:55 | Lina · wall_segment Palisade Wall x4 |
| 13:57 | Lina · wall_segment Palisade Wall x1 |
| 14:55 | manteldon · wall_segment Palisade Wall x1 |
| 15:27 | manteldon · age_up castle |
| 15:37 | manteldon · wall_segment Palisade Wall x1 |
| 15:58 | Lina · wall_segment Palisade Wall x3 |
| 16:15 | Lina · wall_segment Palisade Wall x1 |
| 16:16 | Lina · wall_segment Palisade Wall x3 |
| 16:17 | Lina · wall_segment Palisade Wall x1 |
| 16:29 | Lina · first_market_buy 100 food |
| 16:51 | manteldon · wall_segment Palisade Wall x2 |
| 17:12 | manteldon · wall_segment Palisade Wall x1 |
| 20:54 | Lina · age_up castle |
| 22:18 | manteldon · first_market_buy 100 wood |
| 22:48 | manteldon · first_building Siege Workshop |
| 23:57 | Lina · first_building Siege Workshop |
| 26:07 | manteldon · wall_segment Palisade Wall x1 |
| 26:26 | manteldon · wall_segment Palisade Wall x1 |
| 27:00 | manteldon · wall_segment Palisade Wall x1 |
| 29:32 | manteldon · wall_segment Palisade Wall x1 |
| 29:33 | manteldon · wall_segment Palisade Wall x1 |
| 29:34 | manteldon · wall_segment Palisade Wall x1 |
| 30:05 | manteldon · first_building Stable |
| 31:59 | Lina · first_building Monastery |
| 32:57 | manteldon · first_building Castle |
| 33:24 | Lina · first_market_sell 100 wood |
| 34:32 | manteldon · first_market_sell 100 wood |
| 35:04 | manteldon · resign |
[ AI ANALYSIS · 1 CREDIT ]
What really happened in this match?
Wolo.gg analyzes every decision: build order, eco, micro, common mistakes by bracket. Personalized analysis on WhatsApp or Discord in 30 seconds.
Civ guide
Tupi
Perfil
Jugador #299269